 Dungeon Crawl Stone Soup version 0.24.1-11-gbbbb2193e6 (webtiles) character file.

Game seed: 12997773547901746004, levelgen mode: deterministic

2089 Mrkan the Grappler (level 9, -2/89 HPs)
             Began as a Troll Berserker on May 13, 2020.
             Was a High Priest of Trog.
             Killed from afar by an electric eel (10 damage)
             ... with a bolt of electricity
             ... on level 6 of the Dungeon.
             The game lasted 00:10:23 (4520 turns).

Mrkan the Grappler (Troll Berserker)                Turns: 4520, Time: 00:10:24

Health: -2/89      AC:  6    Str: 27    XL:     9   Next: 6%
Magic:  8/8        EV: 10    Int:  5    God:    Trog [*****.]
Gold:   360        SH:  0    Dex: 10    Spells: 8/8 levels left

rFire    . . .     SeeInvis .     - Unarmed
rCold    . . .     Gourm    +   (no shield)
rNeg     . . .     Faith    .   a - +0 animal skin
rPois    .         Spirit   .   (helmet restricted)
rElec    .         Reflect  .   (no cloak)
rCorr    .         Harm     .   (gloves unavailable)
MR       ++...                  (boots unavailable)
Stlth    +.........             (no amulet)
HPRegen  1.64/turn              (no ring)
MPRegen  0.11/turn              (no ring)

@: regenerating, very slow
A: large, unfitting armour, claws 3, fast metabolism 3, gourmand, regeneration
1, shaggy fur 1, tough skin 3
a: Berserk, Trog's Hand, Brothers in Arms, Renounce Religion


You were on level 6 of the Dungeon.
You worshipped Trog.
Trog was extremely pleased with you.
You were not hungry.

You visited 1 branch of the dungeon, and saw 6 of its levels.
You also visited: Sewer and Ossuary.

You collected 360 gold pieces.

Inventory:

Hand Weapons
 A - a +0 giant club
 E - a +0 giant spiked club
Missiles
 j - 8 atropa-tipped darts (quivered)
 B - 2 large rocks
Armour
 a - a +0 animal skin (worn)
Jewellery
 g - a +5 ring of strength {unknown}
 r - a cursed ring of teleportation {unknown}
 G - an uncursed amulet of guardian spirit {unknown}
Wands
 D - a wand of flame (16)
Scrolls
 f - a scroll of remove curse {unknown}
 i - 4 scrolls of magic mapping {unknown}
 n - a scroll of enchant weapon {unknown}
 o - 5 scrolls of teleportation {unknown}
 p - 8 scrolls of identify {unknown}
 u - 4 scrolls of fog {unknown}
 v - a scroll of blinking {unknown}
 x - a scroll of amnesia {unknown}
 y - a scroll of enchant armour {unknown}
 C - a scroll of vulnerability {unknown}
 F - a scroll of fear {unknown}
Potions
 c - 2 potions of agility {unknown}
 d - 4 potions of brilliance {unknown}
 e - a potion of haste {unknown}
 h - a potion of berserk rage {unknown}
 k - a potion of cancellation {unknown}
 l - a potion of lignification {unknown}
 m - 4 potions of mutation {unknown}
 q - 7 potions of curing {unknown}
 s - 5 potions of heal wounds {unknown}
 t - 5 potions of might {unknown}
 w - a potion of magic {unknown}
 z - 2 potions of flight {unknown}
Comestibles
 b - 7 rations


   Skills:
 + Level 6.1 Fighting
 + Level 1.4 Throwing
 - Level 2.4 Dodging
 * Level 10.1 Unarmed Combat


You had 8 spell levels left.
You didn't know any spells.
Your spell library was empty.

Dungeon Overview and Level Annotations

Branches:
Dungeon (6/15)             Temple (0/1) D:4           Sewer (visited)
Ossuary (visited)

Altars:
Fedhas
Okawaru
Ru
Vehumet
The Shining One

Annotations:
D:5 1 runed translucent door, Rpm's ghost, novice MiBe


Innate Abilities, Weirdness & Mutations

You are too large for most types of armour.
You have claws for hands.
Your metabolism is lightning-fast.
You like to eat raw meat.
Your natural rate of healing is unusually fast.
You are covered in fur. (AC +1)
You have extremely tough skin. (AC +3)


Message History

You feel resistant to hostile enchantments.
You feel somewhat more hungry.
The sky beast hits you but does no damage.
You enter the shallow water.
Moving in this stuff is going to be slow.
The sky beast flickers out of sight!
Deactivating autopickup; reactivate with Ctrl-A.
Something hits you but does no damage.
A sky beast appears from thin air!
Reactivating autopickup.
The electric eel shoots out a bolt of lightning at you!
The bolt of electricity hits the sky beast.
The sky beast completely resists.
The bolt of electricity hits you!
* * * LOW HITPOINT WARNING * * *
You enter the shallow water.
Moving in this stuff is going to be slow.
The electric eel shoots out a bolt of lightning at you!
The bolt of electricity hits the sky beast.
The sky beast completely resists.
The bolt of electricity hits you!
You die...

≈.≈.≈.≈ ≈≈≈≈..≈.... ;≈.≈≈
≈≈≈≈≈≈.... ≈. ♣≈.≈♣ ≈≈≈
♣≈..... ≈.≈ ♣≈≈≈♣ ≈≈≈
♣≈..###
≈.≈♣♣♣≈.≈♣♣♣≈≈≈♣♣♣≈≈###.
≈≈≈≈≈≈§.≈≈≈≈≈≈≈≈≈≈≈.# #.
≈≈≈.≈.≈≈.≈.≈.≈≈.≈≈≈.# #.
≈≈.≈≈≈≈≈Y≈≈≈≈≈.≈≈≈≈≈≈###.
♣≈≈≈♣♣♣≈@≈♣♣♣≈.≈♣♣♣≈≈....
♣≈≈ ♣≈.≈♣ ♣≈.≈♣ ♣≈≈.###
♣≈.≈♣♣♣≈≈≈♣♣♣≈.≈♣♣♣≈..#
≈≈.≈≈≈≈≈.≈≈≈≈≈≈≈≈≈≈≈..#
≈.≈...≈..≈.≈......≈≈≈.#
..............(.......#
#######################


You could see a sky beast and an electric eel.

Vanquished Creatures
  Grinder (D:3)
  2 sky beasts (D:5)
  4 ogres
  A crocodile (D:5)
  2 bullfrogs (Sewer)
  A gnoll sergeant (D:5)
  A water moccasin zombie (D:6)
  3 electric eels (D:6)
  A crimson imp (D:5)
  A centaur zombie (Ossuary)
  A quasit (D:6)
  3 hounds (D:5)
  A jelly (D:6)
  A centaur skeleton (D:5)
  3 human zombies (Ossuary)
  3 orc wizards
  2 worker ants
  2 big kobold zombies (Ossuary)
  3 mummies (Ossuary)
  9 gnolls (D:5)
  5 river rats (Sewer)
  11 adders
  2 oozes
  4 adder zombies (Ossuary)
  3 worms (D:2)
  3 leopard geckos
  13 orcs
  12 ball pythons
  9 giant cockroaches
  7 goblins
  8 hobgoblins
  9 jackals
  4 bats
  5 frilled lizards
  A goblin zombie (Ossuary)
  6 hobgoblin zombies (Ossuary)
  3 jackal zombies (Ossuary)
  5 kobolds
  2 kobold zombies (Ossuary)
  2 leopard gecko skeletons
  An orc zombie (Ossuary)
  4 quokka zombies (Ossuary)
  28 rats
  4 rat zombies (Ossuary)
196 creatures vanquished.

Notes
Turn   | Place    | Note
-------+----------+-------------------------------------------
     0 | D:1      | Mrkan the Troll Berserker began the quest for the Orb.
     0 | D:1      | Reached XP level 1. HP: 22/22 MP: 0/0
   402 | D:1      | Reached XP level 2. HP: 29/29 MP: 1/1
   841 | D:2      | Reached XP level 3. HP: 32/36 MP: 2/2
   888 | D:2      | Found a sacrificial altar of Ru.
   933 | D:2      | Reached skill level 4 in Unarmed Combat
   970 | D:2      | Reached ** piety under Trog
  1058 | D:2      | Found a glowing golden altar of the Shining One.
  1299 | D:3      | Reached XP level 4. HP: 44/45 MP: 3/3
  1312 | D:3      | Found a glowing drain.
  1325 | Sewer    | Entered a sewer
  1429 | Sewer    | Reached skill level 5 in Unarmed Combat
  1431 | Sewer    | Reached XP level 5. HP: 51/53 MP: 4/4
  1511 | Sewer    | Reached *** piety under Trog
  1629 | Sewer    | Reached skill level 6 in Unarmed Combat
  1629 | Sewer    | Reached XP level 6. HP: 61/62 MP: 5/5
  1739 | D:3      | Noticed Grinder
  1746 | D:3      | Paralysed by Grinder for 3 turns
  1752 | D:3      | Killed Grinder
  1752 | D:3      | Reached XP level 7. HP: 70/70 MP: 6/6
  1854 | D:3      | Found a blossoming altar of Fedhas.
  2355 | D:4      | Reached skill level 7 in Unarmed Combat
  2722 | D:4      | Found a staircase to the Ecumenical Temple.
  2759 | D:4      | Reached **** piety under Trog
  2785 | D:5      | Entered Level 5 of the Dungeon
  3104 | D:5      | Reached skill level 8 in Unarmed Combat
  3171 | D:5      | Reached skill level 5 in Fighting
  3193 | D:5      | Reached XP level 8. HP: 76/80 MP: 7/7
  3267 | D:5      | Reached skill level 9 in Unarmed Combat
  3340 | D:5      | Found a sand-covered staircase.
  3453 | Ossuary  | Entered an ossuary
  3547 | Ossuary  | Reached ***** piety under Trog
  3555 | Ossuary  | Received a gift from Trog
  3820 | D:5      | Found a runed translucent door.
  3887 | D:5      | Noticed Rpm's ghost (novice MiBe)
  4340 | D:6      | Found an iron altar of Okawaru.
  4377 | D:6      | Reached skill level 1 in Throwing
  4417 | D:6      | Found a radiant altar of Vehumet.
  4449 | D:6      | Reached skill level 10 in Unarmed Combat
  4449 | D:6      | Reached XP level 9. HP: 74/89 MP: 8/8
  4520 | D:6      | Killed from afar by an electric eel

Levels and vault maps discovered:
D:1:      giann_wishing_wells, layout_basic, chequers_serial_rivers_marsh,
          minmay_misc_feat_x
D:2:      layout_rooms, lemuel_doored_altar, first_ration, tso_altar
D:3:      layout_loops_cross, fedhas_ov_isle_minmay, portal_sewer_entry_f,
          uniq_grinder
D:4:      layout_basic, temple_doors_e
D:5:      layout_basic, chequers_ossuary_entry_cave, ebering_ghost_sewer_d
D:6:      layout_gridville, okawaru_ov_weapons_minmay, kennysheep_mini,
          chequers_temple_overflow_minitemple, kennysheep_boxes

Skill      XL: |  1  2  3  4  5  6  7  8 |
---------------+-------------------------+-----
Unarmed Combat | 4 5 6 8 10 | 10.1
Fighting       | 3 4 5 6 |  6.1
Throwing       | 1 |  1.4
Dodging        | |  2.4

Action                   |  1- 3 |  4- 6 |  7- 9 || total
-------------------------+-------+-------+-------++-------
Melee: Unarmed           |   110 |   110 |   313 ||   533
       Punch             |     1 |       |     8 ||     9
Invok: Berserk           |       |     2 |       ||     2
       Trog's Hand       |       |     1 |     1 ||     2
 Stab: Sleeping          |     2 |       |       ||     2
  Eat: Chunk             |    15 |     8 |     9 ||    32
       Ration            |       |       |     3 ||     3
Armor: Animal skin       |    53 |   121 |   103 ||   277
Dodge: Dodged            |    81 |   145 |   163 ||   389
